 Dungeon Crawl Stone Soup version 0.18-a0-1577-gf591c28 (webtiles) character file.

9 Duffy the Chopper (level 2, 22/22 HPs)
             Began as a Demonspawn Gladiator on Mar 17, 2016.
             Quit the game on level 1 of the Dungeon.
             The game lasted 00:00:41 (656 turns).

Duffy the Chopper (Demonspawn Gladiator)             Turns: 656, Time: 00:00:42

Health: 22/22      AC: 10    Str: 15    XL:     2   Next: 3%
Magic:  2/2        EV: 11    Int:  9    God:
Gold:   11         SH:  0    Dex: 13    Spells: 0 memorised, 1 level left

rFire  . . .     SeeInvis .     a - +0 war axe
rCold  . . .     Gourm    .     m - +0 ring mail
rNeg   . . .     Faith    .     (no shield)
rPois  .         Spirit   .     c - +0 helmet
rElec  .         Dismiss  .     n - +0 cloak
rCorr  .         Reflect  .     (no gloves)
SustAt .         Harm     .     (no boots)
MR     .....                    (no amulet)
Stlth  +.........               (no ring)
                                r - +3 ring of protection

@: not resistant to hostile enchantments, very unstealthy
A: spiny 1
a: no special abilities


You were on level 1 of the Dungeon.
You were not hungry.

You visited 1 branch of the dungeon, and saw 1 of its levels.

You collected 11 gold pieces.


Innate Abilities, Weirdness & Mutations

You are partially covered in sharp spines.


   Skills:
 - Level 2.0 Fighting
 + Level 3.2 Axes
 - Level 1.7 Throwing
 - Level 2.6 Dodging


You had one spell level left.
You didn't know any spells.

Inventory:

Hand Weapons
 a - a +0 war axe (weapon)
Missiles
 d - 3 throwing nets
 h - 20 poisoned needles
 i - 8 javelins (quivered)
Armour
 b - a +0 leather armour
 c - a +0 helmet (worn)
 m - a +0 ring mail (worn)
 n - a +0 cloak (worn)
Jewellery
 r - a +3 ring of protection (left hand)
Scrolls
 g - a scroll of remove curse {unknown}
 j - a scroll of enchant weapon {unknown}
 l - a scroll of teleportation {unknown}
 p - 2 scrolls of identify {unknown}
 q - a scroll of immolation {unknown}
Potions
 e - a potion of might {unknown}
 k - a potion of lignification {unknown}
Comestibles
 f - a bread ration
 o - a royal jelly

Dungeon Overview and Level Annotations

Branches:
Dungeon (1/15)

Altars:


Message History

15 stones; a goblin corpse HP restored.
q - a scroll labeled HIEFOIBYIKH A kobold comes into view.
The kobold shouts!
You closely miss the kobold.
The kobold hits you but does no damage. x2
You barely miss the kobold. The kobold barely misses you.
You hit the kobold.
You kill the kobold!
No target in view!
No target in view!
r - a large jade ring Put on which piece of jewellery? (? for menu, Esc to quit)
r - a +3 ring of protection (left hand)
You now have 11 gold pieces.
A hobgoblin comes into view. It is wielding a club.
The hobgoblin shouts!
Found a scroll labeled BEL TI PANIF.
The hobgoblin barely misses you.
You closely miss the hobgoblin. The hobgoblin misses you.
You hit the hobgoblin.
The hobgoblin is almost dead.
The hobgoblin hits you with a club.
You barely miss the hobgoblin.
The hobgoblin is severely wounded.
The hobgoblin hits you but does no damage.
You slash the hobgoblin!
You kill the hobgoblin!
You have reached level 2!
Your demonic ancestry asserts itself...
Sharp spines emerge from parts of your body.
You see here a club.
p - 2 scrolls labeled BEL TI PANIF (gained 1)
Found 19 stones.
Are you sure you want to abandon this character and quit the game? (Confirm with "yes".)

##.#.#.## ###...##
.###.## .# #.#
.###.# ##### .....#
#...
..##########.#####
..# #..).......# ###
#.####.###@# #.#
#...(...# #.#
#####...... #####
#.###############
....###.#......#####
........#.####.....#
.....#.#....##.....#
.....#......)......#
...%.#.#..#..#.....#


There were no monsters in sight!

Action                   || total
-------------------------++-------
Melee: War axe           ||    21
 Stab: Distracted        ||     1

Notes
Turn   | Place    | Note
--------------------------------------------------------------
     0 | D:1      | Duffy the Demonspawn Gladiator began the quest for the Orb.
     0 | D:1      | Reached XP level 1. HP: 16/16 MP: 1/1
   206 | D:1      | Reached skill level 3 in Axes
   580 | D:1      | Gained mutation: You are partially covered in sharp spines. [demonic ancestry]
   580 | D:1      | Reached XP level 2. HP: 17/22 MP: 2/2
   656 | D:1      | Quit the game

Vault maps used:
D:1:      dpeg_arrival_erosion

Vanquished Creatures
  A giant gecko
  2 goblins
  A hobgoblin
  3 kobolds
  A rat
8 creatures vanquished.
